AoeStats
← Warcanoe

Socotra

505280645Analyzed
2v2 RM · 24d ago on Sep 8, 2026· 17m 17s· 4 players
Game mode
Random Map
Map size
Tiny (2 player)
Population
200
Speed
Normal
Resources
Standard
Victory
Conquest
Starting age
Dark Age
Ending age
Imperial Age
RankedLock teamsTeams togetherTeam positionsShared explorationLock speedFull tech treeHidden civsTurbo modeCheats
Victory
Defeat
🇩🇪 Malians · Germany
1246
+13
🇨🇭 Turks · Switzerland
1202
+14
🇹🇷 Persians · Türkiye
1179
-14
🇹🇷 Inca · Türkiye
1162
-13
dasmurka
6:53 Loom
10:05 Feudal Age
16:12 Castle Age
16:48 Double-Bit Axe
Warcanoe
2:22 Loom
10:37 Feudal Age
EtZeL
2:32 Loom
14:42 Feudal Age
15:10 Town Watch
14:57 Champi Runner
16:23 Scale Mail Armor
17:59 Forging
ilia topuria
7:41 Loom
Connection lost

Rejoining the realm…

Still unreachable

The connection could not be restored.

Session expired

The server has moved on; the page needs a fresh start.